 Dungeon Crawl Stone Soup version 0.23.2-40-g277498a (webtiles) character file.

Game seed: 14845637991662969142

133 BoppinsLewinski the Slasher (level 5, 0/41 HPs)
             Began as a Human Fighter on Sept 13, 2019.
             Succumbed to a kobold's poison
             ... on level 3 of the Dungeon.
             The game lasted 00:03:19 (2664 turns).

BoppinsLewinski the Slasher (Human Fighter)         Turns: 2664, Time: 00:03:19

Health: 0/41       AC: 11    Str: 18    XL:     5   Next: 39%
Magic:  5/5        EV:  6    Int:  8    God:
Gold:   153        SH:  0    Dex: 12    Spells: 4/4 levels left

rFire    . . .     SeeInvis .   a - +0 long sword
rCold    . . .     Gourm    .   (no shield)
rNeg     . . .     Faith    .   g - +0 plate armour
rPois    .         Spirit   .   (no helmet)
rElec    .         Reflect  .   (no cloak)
rCorr    .         Harm     .   (no gloves)
MR       .....                  (no boots)
Stlth    ..........             (no amulet)
HPRegen  0.13/turn              (no ring)
MPRegen  0.09/turn              (no ring)

@: lethally poisoned (0 -> -7)
A: no striking features
a: no special abilities


You were on level 3 of the Dungeon.
You were not hungry.

You visited 1 branch of the dungeon, and saw 3 of its levels.

You collected 153 gold pieces.

Inventory:

Hand Weapons
 a - a +0 long sword (weapon)
Armour
 b - a +0 scale mail
 g - a +0 plate armour (worn)
Jewellery
 h - a cursed amulet of inaccuracy {unknown}
 j - an uncursed ring of protection from magic {unknown}
Scrolls
 c - a scroll of amnesia {unknown}
 e - 3 scrolls of remove curse {unknown}
 k - 3 scrolls of identify {unknown}
 l - a scroll of teleportation {unknown}
 m - a scroll of enchant armour {unknown}
Potions
 d - 2 potions of brilliance
Comestibles
 f - 5 rations


   Skills:
 - Level 3.0 Fighting
 * Level 4.7 Long Blades
 - Level 3.0 Armour
 + Level 1.7 Dodging
   Level 3.0 Shields


You had 4 spell levels left.
You didn't know any spells.
Your spell library was empty.

Dungeon Overview and Level Annotations

Branches:
Dungeon (3/15)

Altars:

Annotations:
D:3 1 runed translucent door, Crazy Yiuf; DolittleGuy's ghost, amateur MiBe


Message History

The centaur is moderately wounded.
* * * LOW HITPOINT WARNING * * *
You feel sick.
The centaur hits you but does no damage. x2
You closely miss the centaur.
The centaur is moderately wounded.
* * * LOW HITPOINT WARNING * * *
You feel sick. The centaur barely misses you.
Unknown command.
Unknown command.
Unknown command.
Unknown command.
Unknown command.
Unknown command.
* * * LOW HITPOINT WARNING * * *
You feel sick.
The centaur hits you but does no damage.
The centaur hits you.
* * * LOW HITPOINT WARNING * * *
You die...

####.#...#.#####.#.# #.#
#.#...#.# ##.#.###.#
#.#...#.# ##...<.##.#
#.#...#.# #......##.#
#...(...# #.........#
###.(.### #.........#
##(#######........#
######(.....###.##.##.#
#.....@.###.# #.##.....
...#####c###.###.#####.#
##........†.#####.#
...........###.......#
.#..#......###.#######
...........##†......#
.##.##......##..####.# #
.......###<.####.#
......>.# #....##.#


You could see a centaur.

Vanquished Creatures
  Terence (D:2)
  3 adders (D:2)
  An ooze (D:1)
  3 worms (D:2)
  2 dart slugs (D:1)
  A leopard gecko (D:1)
  An orc (D:3)
  3 ball pythons (D:2)
  7 bats
  A giant cockroach (D:1)
  7 goblins
  5 hobgoblins
  7 jackals
  5 kobolds
  2 quokkas
  12 rats
61 creatures vanquished.

Notes
Turn   | Place    | Note
-------+----------+-------------------------------------------
     0 | D:1      | BoppinsLewinski the Human Fighter began the quest for the
                  | Orb.
     0 | D:1      | Reached XP level 1. HP: 18/18 MP: 1/1
    89 | D:1      | Reached XP level 2. HP: 24/24 MP: 2/2
   119 | D:1      | Reached skill level 3 in Long Blades
   153 | D:1      | Reached XP level 3. HP: 23/29 MP: 3/3
  1104 | D:2      | Reached XP level 4. HP: 34/35 MP: 4/4
  1111 | D:2      | Reached skill level 4 in Long Blades
  1496 | D:2      | Noticed Terence
  1515 | D:2      | Killed Terence
  1515 | D:2      | Reached skill level 1 in Dodging
  1727 | D:2      | Reached XP level 5. HP: 39/41 MP: 5/5
  2496 | D:3      | Found a runed translucent door.
  2497 | D:3      | Noticed Crazy Yiuf
  2604 | D:3      | Noticed DolittleGuy's ghost (amateur MiBe)
  2654 | D:3      | Noticed a centaur
  2663 | D:3      | HP: 1/41 [centaur (6)]
  2664 | D:3      | Succumbed to a kobold's poison

Skill      XL: |  1  2  3  4 |
---------------+-------------+-----
Long Blades    | 3 4 |  4.7
Dodging        | 1 |  1.7
Fighting       | |  3.0
Armour         | |  3.0
Shields        | |  3.0

Action                   |  1- 3 |  4- 6 || total
-------------------------+-------+-------++-------
Melee: Long sword        |    78 |   144 ||   222
  Use: Potion            |       |     3 ||     3
  Eat: Chunk             |       |     3 ||     3
       Ration            |       |     1 ||     1
Armor: Scale mail        |    45 |       ||    45
       Plate armour      |       |   140 ||   140
Dodge: Dodged            |    44 |    49 ||    93
       Rpst.: Long sword |    17 |    17 ||    34
